 Dungeon Crawl Stone Soup version 0.29-a0-483-g69413ace17 (webtiles) character file.

Game seed: 3566047094712927952

177 oldark the Cudgeller (level 5, -1/49 HPs)
             Began as a Deep Dwarf Monk on May 25, 2022.
             Succumbed to an orc wizard's poison
             ... on level 4 of the Dungeon.
             The game lasted 00:06:40 (2376 turns).

oldark the Cudgeller (Deep Dwarf Monk)              Turns: 2376, Time: 00:06:41

Health: -1/49      AC:  8    Str: 17    XL:     5   Next: 31%
Magic:  4/4        EV:  8    Int: 10    God:
Gold:   260        SH:  0    Dex: 15    Spells: 4/4 levels left

rFire   . . .      SeeInvis .   a - +1 mace
rCold   . . .      Faith    .   (no shield)
rNeg    . . .      Spirit   .   l - +0 chain mail
rPois   .          Reflect  .   (no helmet)
rElec   .          Harm     .   (no cloak)
rCorr   .          Rampage  .   (no gloves)
Will    .....                   (no boots)
Stlth   ..........              (no amulet)
HPRegen 0.00/turn               (no ring)
MPRegen 0.09/turn               (no ring)

@: lethally poisoned (-1 -> -10)
A: damage resistance, heal wounds, sense surroundings 1, no regeneration
a: Heal Wounds


You were on level 4 of the Dungeon.
You visited 1 branch of the dungeon, and saw 4 of its levels.

You collected 260 gold pieces.

Inventory:

Hand Weapons
 a - a +1 mace (weapon)
Armour
 l - a +0 chain mail (worn)
Scrolls
 e - 2 scrolls of identify
 f - 2 scrolls of enchant weapon
 j - a scroll of fog {unknown}
 p - a scroll of enchant armour {unknown}
 q - a scroll of immolation {unknown}
Potions
 c - 2 potions of ambrosia
 h - a potion of heal wounds
 k - 4 potions of curing


   Skills:
 + Level 3.6 Fighting
 * Level 4.9 Maces & Flails
 + Level 2.1 Armour
 - Level 3.2 Dodging
 - Level 2.4 Stealth


You had 4 spell levels left.
You didn't know any spells.
Your spell library contained the following spells:

 Spells                   Type           Power      Damage    Failure   Level
 Sandblast                Erth           0%         2d4       99%         1
 Passwall                 Tmut/Erth      0%         N/A       100%        2
 Sublimation of Blood     Necr           0%         N/A       100%        2
 Wereblood                Tmut           0%         N/A       100%        2
 Ozocubu's Armour         Ice            0%         N/A       100%        3
 Stone Arrow              Conj/Erth      0%         3d7       100%        3
 Ozocubu's Refrigeration  Ice            0%         4d5       100%        7
 Summon Hydra             Summ           0%         N/A       100%        7


Dungeon Overview and Level Annotations

Branches:
Dungeon (4/15)
 Temple: D:4-7

Altars:


Innate Abilities, Weirdness & Mutations

You are resistant to damage.
You can heal yourself by infusing magical energy.
You passively map a small area around you.
You do not regenerate.


Message History

You are more poisoned.
You completely miss something.
An orc priest comes into view. It is wielding a +0 club.
Something hits you but does no damage.
You are more poisoned.
You hear some strange, mumbled words.
A magic dart appears from out of thin air!
The magic dart hits you.
The orc priest shouts!
You hit something.
You feel very sick. Something hits you but does no damage.
You are more poisoned.
You closely miss something.
You feel very sick.
You hear some strange, mumbled words.
A puff of flame appears from out of thin air!
The puff of flame hits you.
You miss something. Something hits you but does no damage.
You closely miss something.
You hear some strange, mumbled words.
A magic dart appears from out of thin air!
The magic dart hits you!
You closely miss something. Something hits you but does no damage.
You are more poisoned.
You hear some strange, mumbled words.
A magic dart appears from out of thin air!
The magic dart hits you but does no damage.
You closely miss something. Something hits you but does no damage.
You are more poisoned.
You hit something but do no damage.
You feel sick. Something hits you but does no damage.
You are more poisoned.
You barely miss something.
* * * LOW HITPOINT WARNING * * *
You feel extremely sick. Something hits you but does no damage.
You are lethally poisoned!
You miss something.
You die...

#..#
#.###<########
#..#*** #.# #.#
#...,,** #.# #.#
**,,,,,* #.# #.#
****,,*#####.#
#.# *,,*#.....#
#.# *,,*#.#####
#.#*** *,,*#.#
*,,,,* *,,*#@#
****,* *,,*#{#
*,* #,,*#o### *,*
#..##o..##### *,*
#......:..{.# *,*
****##.####.###.#
*,* *,,,<.,* *.#
*,****,* *,*##***
*.# *,,,,,,* *,*
*,# ********


You could see an orc priest and an orc.

Vanquished Creatures
  A scorpion (D:4)
  Jessica (D:2)
  2 adders
  2 worms
  A dart slug (D:1)
  2 orcs (D:4)
  5 ball pythons
  3 endoplasms
  4 giant cockroaches
  A goblin (D:2)
  7 hobgoblins
  6 jackals
  4 kobolds
  3 quokkas
  10 bats
  6 frilled lizards
  2 rats (D:1)
60 creatures vanquished.

Vanquished Creatures (others)
  A fungus (D:2)
  5 toadstools (D:2)
6 creatures vanquished.

Grand Total: 66 creatures vanquished

Notes
Turn   | Place    | Note
-------+----------+-------------------------------------------
     0 | D:1      | oldark the Deep Dwarf Monk began the quest for the Orb.
     0 | D:1      | Reached XP level 1. HP: 20/20 MP: 1/1
   203 | D:1      | Reached XP level 2. HP: 16/27 MP: 2/2
   479 | D:1      | Reached XP level 3. HP: 25/34 MP: 2/2
   811 | D:2      | Noticed Jessica
   836 | D:2      | Killed Jessica
   837 | D:2      | Reached skill level 4 in Maces & Flails
   837 | D:2      | Reached skill level 1 in Armour
  1009 | D:2      | Reached XP level 4. HP: 21/42 MP: 3/3
  2257 | D:4      | Noticed a scorpion
  2266 | D:4      | Killed a scorpion
  2267 | D:4      | Reached XP level 5. HP: 41/49 MP: 4/4
  2376 | D:4      | Succumbed to an orc wizard's poison

Illustrated notes

Levels and vault maps discovered:
D:1:      erik_arrival_blinker_ship, layout_rooms, hangedman_glass_teeth
D:2:      layout_basic, minmay_gold_behind_fungi, moated_statue, uniq_jessica
D:3:      layout_basic
D:4:      layout_loops_ring, minmay_cupped, uniq_menkaure, uniq_natasha

Skill      XL: |  1  2  3  4 |
---------------+-------------+-----
Fighting       | 3 |  3.6
Maces & Flails | 4 |  4.9
Armour         | 1 2 |  2.1
Dodging        | |  3.2
Stealth        | |  2.4

Action                   |  1- 3 |  4- 6 || total
-------------------------+-------+-------++-------
Melee: Mace              |   128 |   100 ||   228
       Punch             |     2 |       ||     2
 Abil: Heal Wounds       |     1 |       ||     1
  Use: Scroll            |       |     5 ||     5
       Potion            |       |     5 ||     5
 Stab: Sleeping          |     3 |       ||     3
       Invisible         |       |     1 ||     1
Armor: Robe              |    10 |       ||    10
       Ring mail         |    16 |       ||    16
       Chain mail        |    20 |    51 ||    71
Dodge: Dodged            |   100 |    35 ||   135

Table legend: (Time is in decaauts)
 A = Elapsed time spent in this place.
 B = Non-inter-level travel time spent in this place.
 C = Inter-level travel time spent in this place.
 D = Time resting spent in this place.
 E = Time spent auto-exploring this place.
 F = Levels seen in this place.
 G = Mean time per level.
                   A        B        C        D        E       F      G
               +--------+--------+--------+--------+--------+-----+--------+
         Total |   2400 |   2325 |     75 |    100 |   1630 |   4 |  600.0 |
       Dungeon |   2400 |   2325 |     75 |    100 |   1630 |   4 |  600.0 |
               +--------+--------+--------+--------+--------+-----+--------+

Top non-repeatable levels by time:
     D:2: 974 daAuts
     D:1: 671 daAuts
     D:3: 615 daAuts
     D:4: 139 daAuts
